 Dungeon Crawl Stone Soup version 0.19-a0-1920-g83281cb (webtiles) character file.

5888 DogShitOnMyToe the Grappler (level 10, -9/79 HPs)
             Began as a Ghoul Monk on Oct 23, 2016.
             Was a High Priest of Hepliaklqana.
             Mangled by an orc warrior
             ... wielding a +0 trident
              (15 damage)
             ... on level 9 of the Dungeon.
             The game lasted 00:20:53 (9108 turns).

DogShitOnMyToe the Grappler (Ghoul Monk)            Turns: 9108, Time: 00:20:54

Health: -9/79      AC: 13    Str: 16    XL:     10   Next: 82%
Magic:  8/9        EV:  6    Int:  5    God:    Hepliaklqana [*****.]
Gold:   241        SH:  0    Dex: 14    Spells: 0 memorised, 9 levels left

rFire  . . .     SeeInvis .       - Unarmed
rCold  + . .     Gourm    .     M - +0 plate armour
rNeg   + + +     Faith    .     (no shield)
rPois  ∞         Spirit   .     i - +0 helmet
rElec  .         Reflect  .     (no cloak)
rCorr  +         Harm     .     (no gloves)
MR     .....                    o - +0 pair of boots
Stlth  ..........               (no amulet)
                                (no ring)
                                j - ring of resist corrosion

@: rotting
A: rotting body, reduced essence, claws 1, carnivore 3, cold resistance 1,
negative energy resistance 3, slow regeneration 1, torment resistance,
unbreathing
a: Recall Ancestor, Ancestor Identity, Transference, Idealise, Renounce Religion


You were on level 9 of the Dungeon.
You worshipped Hepliaklqana.
Hepliaklqana was extremely pleased with you.
You were not hungry.

You visited 1 branch of the dungeon, and saw 9 of its levels.
You also visited: Sewer.

You collected 507 gold pieces.
You spent 266 gold pieces at shops.

Inventory:

Missiles
 e - 355 stones (quivered)
Armour
 a - a +0 robe
 i - a +0 helmet (worn)
 o - a +0 pair of boots (worn)
 E - the +1 robe of Fallacy {rN++}
   (You found it on level 6 of the Dungeon)

   It greatly protects you from negative energy.
 J - a +0 pair of boots
 M - a +0 plate armour (worn)
Jewellery
 j - a ring of resist corrosion (left claw)
 P - an uncursed ring of flight {unknown}
Wands
 d - a wand of lightning (1/15)
 q - a wand of enslavement (18/24)
 t - a wand of paralysis (18/24)
 A - a wand of digging (7/24)
 N - a wand of disintegration (11/24)
 Q - a wand of iceblast (7/15)
Scrolls
 c - 5 scrolls of enchant weapon {unknown}
 g - 2 scrolls of magic mapping {unknown}
 h - 3 scrolls of teleportation {unknown}
 r - a scroll of amnesia {unknown}
 s - 2 scrolls of immolation {unknown}
 u - 2 scrolls of random uselessness {unknown}
 v - 3 scrolls of remove curse {unknown}
 x - a scroll of fog {unknown}
 y - 3 scrolls of enchant armour {unknown}
 B - a scroll of fear {unknown}
 H - 2 scrolls of noise {unknown}
 K - 2 scrolls of identify
 O - a scroll of summoning {unknown}
 R - a scroll of blinking
 S - 2 scrolls of recharging
Potions
 f - a potion of magic {unknown}
 k - 2 potions of degeneration {unknown}
 l - 5 potions of curing
 n - 6 potions of heal wounds
 p - 5 potions of flight
 w - a potion of mutation {unknown}
 z - 2 potions of ambrosia {unknown}
 I - 2 potions of haste {unknown}
 T - a potion of cancellation {unknown}
Books
 m - a Young Poisoner's Handbook

   Spells                             Type                      Level
   a - Sting                          Conjuration/Poison           1
   b - Mephitic Cloud                 Conjuration/Poison/Air       3
   c - Olgreb's Toxic Radiance        Poison                       4
   d - Alistair's Intoxication        Transmutation/Poison         5
   e - Venom Bolt                     Conjuration/Poison           5
 C - a book of Misfortune

   Spells                             Type                      Level
   a - Confusing Touch                Hexes                        1
   b - Confuse                        Hexes                        3
   c - Gell's Gravitas                Hexes/Translocation          3
   d - Petrify                        Transmutation/Earth          4
   e - Metabolic Englaciation         Hexes/Ice                    5
   f - Yara's Violent Unravelling     Hexes/Transmutation          5
 G - a book of Flames

   Spells                             Type                      Level
   a - Flame Tongue                   Conjuration/Fire             1
   b - Throw Flame                    Conjuration/Fire             2
   c - Conjure Flame                  Conjuration/Fire             3
   d - Inner Flame                    Hexes/Fire                   3
   e - Sticky Flame                   Conjuration/Fire             4
   f - Fireball                       Conjuration/Fire             5
 L - a book of Minor Magic

   Spells                             Type                      Level
   a - Magic Dart                     Conjuration                  1
   b - Blink                          Translocation                2
   c - Call Imp                       Summoning                    2
   d - Repel Missiles                 Charms/Air                   2
   e - Slow                           Hexes                        2
   f - Conjure Flame                  Conjuration/Fire             3
   g - Mephitic Cloud                 Conjuration/Poison/Air       3
Comestibles
 b - 3 meat rations
 D - a slice of pizza
 F - 3 royal jellies
 U - 9 chunks of flesh


   Skills:
 + Level 7.9 Fighting
 + Level 3.3 Armour
 - Level 4.7 Dodging
 - Level 2.1 Stealth
 * Level 14.2 Unarmed Combat


You had 9 spell levels left.
You didn't know any spells.

Dungeon Overview and Level Annotations

Branches:
Dungeon (9/15)             Temple (0/1) D:6
   Lair: D:8-11         Orc: D:9-12

Altars:
Elyvilon
Gozag
Hepliaklqana
Kikubaaqudgha
Trog
Uskayaw
Vehumet
The Shining One

Shops:
D:9 ?

Annotations:
D:5 amijlee's ghost, novice MfSk


Innate Abilities, Weirdness & Mutations

Your body is rotting away.
You thrive on raw meat.
You are immune to poison.
You have sharp fingernails.
You are carnivorous and can eat meat at any time.
Your flesh is cold resistant. (rC+)
You are immune to negative energy. (rN+++)
You regenerate slowly when monsters are visible.
You are immune to unholy pain and torment.
You can survive without breathing.
Your life essence is reduced. (-10% HP)


Message History

Duradael drains the orc warrior!
The orc barely misses you.
The orc warrior hits you but does no damage.
You scratch the orc warrior. You claw the orc warrior.
The orc warrior is severely wounded.
The orc warrior hits you from afar with a trident.
* * * LOW HITPOINT WARNING * * *
Duradael hits the orc warrior with a dagger of draining.
You scratch the orc warrior.
You kill the orc warrior!
The orc hits you but does no damage.
You barely miss the orc. Your claw misses the orc.
The orc warrior hits you from afar with a trident!
* * * LOW HITPOINT WARNING * * *
The orc hits you but does no damage.
You claw the orc!
You kill the orc!
Duradael points at the orc warrior and mumbles some strange words.
The orc warrior resists with some effort.
The orc warrior hits you from afar with a trident!
You die...

.# ...#
#..# #..#
# ..# #..
..#
#...###)#
#.....@)#
#...oR..#
#########
# .# .


You could see the friendly Duradael the hexer and an orc warrior.

Vanquished Creatures
  Pikel (D:6)
  A centaur zombie (D:8)
  Joseph (D:7)
  A troll (D:9)
  Prince Ribbit (D:6)
  Grinder (D:4)
  2 hippogriffs (D:8)
  A spriggan (D:7)
  2 orc warriors
  2 sky beasts
  3 ogres
  A phantom (D:5)
  A centaur (D:5)
  A big kobold (Sewer)
  4 bullfrogs
  3 scorpions
  11 wights
  3 crimson imps
  A bullfrog zombie (D:6)
  4 jellies
  3 hounds
  4 orc priests
  6 orc wizards
  Ijyb (D:3)
  3 hell rats (D:5)
  An iguana (D:9)
  7 worker ants
  Robin (D:2)
  2 worker ant zombies
  10 adders
  16 gnolls
  7 river rats
  A shadow imp (D:9)
  An ooze (D:4)
  An adder zombie (D:7)
  A worm (D:4)
  2 dart slugs (D:1)
  7 leopard geckos
  24 orcs
  8 bats
  10 giant cockroaches
  10 hobgoblins
  9 jackals
  2 quokkas
  2 ball pythons
  4 frilled lizards
  11 goblins
  A jackal zombie (D:5)
  10 kobolds
  A leopard gecko skeleton (D:4)
  47 rats
258 creatures vanquished.

Vanquished Creatures (collateral kills)
  A hungry ghost (D:8)
  An orc warrior (D:7)
  A sky beast (D:7)
  A bullfrog (D:9)
  A hound (D:4)
  A bullfrog skeleton (D:8)
  An orc wizard (D:6)
  An iguana (D:4)
  A worker ant (D:8)
  A gnoll (D:3)
  A leopard gecko (D:4)
  4 orcs
  A kobold (D:3)
16 creatures vanquished.

Vanquished Creatures (others)
  4 slaves (D:6)
  An orc wizard (D:6)
  6 hexers
  An orc (D:6)
12 creatures vanquished.

Grand Total: 286 creatures vanquished

Notes
Turn   | Place    | Note
-------+----------+-------------------------------------------
     0 | D:1      | DogShitOnMyToe the Ghoul Monk began the quest for the Orb.
     0 | D:1      | Reached XP level 1. HP: 19/19 MP: 0/0
   221 | D:1      | Reached skill level 4 in Unarmed Combat
   221 | D:1      | Reached XP level 2. HP: 3/26 MP: 1/1
   724 | D:1      | Reached XP level 3. HP: 27/31 MP: 2/2
   985 | D:2      | Noticed Robin
  1011 | D:2      | Reached skill level 5 in Unarmed Combat
  1270 | D:2      | Killed Robin
  1270 | D:2      | Reached XP level 4. HP: 22/37 MP: 3/3
  1384 | D:2      | Found an ancient bone altar of Kikubaaqudgha.
  1915 | D:2      | Found a hazy altar of Hepliaklqana.
  2056 | D:2      | Became a worshipper of Hepliaklqana the Forgotten
  2056 | D:2      | Reached * piety under Hepliaklqana
  2056 | D:2      | Reached ** piety under Hepliaklqana
  2057 | D:2      | Remembered your ancestor Duradael as a hexer
  2127 | D:3      | Reached skill level 6 in Unarmed Combat
  2151 | D:3      | Reached XP level 5. HP: 40/40 MP: 4/4
  2211 | D:3      | Found a radiant altar of Vehumet.
  2213 | D:3      | Found a glowing golden altar of the Shining One.
  2389 | D:3      | Found a glowing drain.
  2393 | Sewer    | Entered a sewer
  2469 | Sewer    | Noticed a big kobold
  2483 | Sewer    | Killed a big kobold
  2483 | Sewer    | Reached skill level 7 in Unarmed Combat
  2483 | Sewer    | Reached XP level 6. HP: 36/45 MP: 5/5
  2526 | Sewer    | Found a white marble altar of Elyvilon.
  2627 | D:3      | Noticed Ijyb
  2642 | D:3      | Killed Ijyb
  2959 | D:3      | Reached skill level 8 in Unarmed Combat
  3174 | D:4      | Reached XP level 7. HP: 38/51 MP: 6/6
  3508 | D:4      | Reached skill level 9 in Unarmed Combat
  3645 | D:4      | Noticed Grinder
  3663 | D:4      | Killed Grinder
  3670 | D:4      | Reached skill level 10 in Unarmed Combat
  3670 | D:4      | Reached XP level 8. HP: 42/56 MP: 7/7
  3764 | D:4      | Reached *** piety under Hepliaklqana
  4449 | D:5      | Entered Level 5 of the Dungeon
  4501 | D:5      | Reached skill level 5 in Fighting
  4749 | D:5      | Noticed amijlee's ghost (novice MfSk)
  4813 | D:6      | Found a staircase to the Ecumenical Temple.
  4826 | D:5      | Reached **** piety under Hepliaklqana
  5644 | D:6      | Noticed Pikel
  5661 | D:6      | Killed Pikel
  5661 | D:6      | Reached skill level 11 in Unarmed Combat
  5661 | D:6      | Reached XP level 9. HP: 35/67 MP: 8/8
  5959 | D:6      | Got an ominously black robe
  5970 | D:6      | Identified the +1 robe of Fallacy {rN++} (You found it on level 6 of the Dungeon)
  6083 | D:6      | Found a hide-covered altar of Uskayaw.
  6091 | D:6      | Found an opulent altar of Gozag.
  6148 | D:6      | Reached skill level 12 in Unarmed Combat
  6371 | D:6      | Noticed Prince Ribbit
  6383 | D:6      | Killed Prince Ribbit
  6708 | D:6      | Found a white marble altar of Elyvilon.
  6709 | D:6      | Found a bloodstained altar of Trog.
  6876 | D:7      | Reached skill level 13 in Unarmed Combat
  7114 | D:7      | Reached XP level 10. HP: 42/75 MP: 9/9
  7275 | D:7      | Noticed Joseph
  7299 | D:7      | Killed Joseph
  7299 | D:7      | Reached skill level 1 in Armour
  7508 | D:7      | Reached ***** piety under Hepliaklqana
  8425 | D:8      | Found a radiant altar of Vehumet.
  8607 | D:9      | Found Jugunkar's Magic Scroll Emporium.
  8615 | D:9      | Bought a scroll of blinking for 105 gold pieces
  8615 | D:9      | Bought a scroll of identify for 28 gold pieces
  8615 | D:9      | Bought a scroll of recharging for 133 gold pieces
  8811 | D:9      | Reached skill level 14 in Unarmed Combat
  9108 | D:9      | Mangled by an orc warrior

Vault maps used:
D:1:      nicolae_arrival_washed_ashore
D:2:      marbit_many_paths, kiku_gazebo_garden_becter, first_bread,
          minmay_misc_feat_rows, kennysheep_another_room, uniq_robin
D:3:      nicolae_overflow_hidden_temple, gup_sewer_entry_bowl, uniq_iyjb
D:4:      minmay_rat_hole, uniq_grinder
D:5:      lemuel_ratsnest
D:6:      chequers_temple_overflow_statue_of_worship, enter_ossuary_5,
          uniq_pikel, uniq_prince_ribbit1
D:7:      the_bakery, uniq_joseph
D:8:      basic_altar, kennysheep_generic_room_8
D:9:      serial_shops, shop_statue
Sewer:    sewer_kobolds

Skill      XL: |  1  2  3  4  5  6  7  8  9 10 |
---------------+-------------------------------+-----
Unarmed Combat | 4 5 6 7 8 10 11 13 14 | 14.2
Fighting       | 6 7 |  7.9
Dodging        | 4 |  4.7
Armour         | 3 |  3.3
Stealth        | |  2.1

Action                   |  1- 3 |  4- 6 |  7- 9 | 10-12 || total
-------------------------+-------+-------+-------+-------++-------
Melee: Unarmed           |    94 |   185 |   375 |   159 ||   813
       Punch             |     1 |     6 |    17 |    10 ||    34
Invok: Ancestor Life: He |       |     1 |       |       ||     1
       Ancestor Identity |       |     1 |       |       ||     1
       Recall Ancestor   |       |       |     2 |     2 ||     4
  Use: Potion            |       |       |     1 |     2 ||     3
       Scroll            |       |       |       |     5 ||     5
 Stab: Sleeping          |     2 |     8 |     5 |       ||    15
       Confused          |       |     1 |     1 |     1 ||     3
       Distracted        |       |       |     1 |     1 ||     2
  Eat: Chunk             |     4 |     6 |     9 |     7 ||    26
       Meat ration       |       |       |     1 |       ||     1
       Pizza             |       |       |       |     1 ||     1
Armor: Robe              |    10 |    30 |    35 |       ||    75
       Plate armour      |       |       |       |    82 ||    82
Dodge: Dodged            |    51 |   111 |   187 |    38 ||   387
